 Dungeon Crawl Stone Soup version 0.22-a0-419-g492bfec (webtiles) character file.

20 KristoblXynda the Cudgeler (level 2, 0/26 HPs)
             Began as a Naga Gladiator on May 15, 2018.
             Succumbed to a scorpion's poison
             ... on level 2 of the Dungeon.
             The game lasted 00:01:10 (1015 turns).

KristoblXynda the Cudgeler (Naga Gladiator)         Turns: 1015, Time: 00:01:11

Health: 0/26       AC:  3    Str: 16    XL:     2   Next: 79%
Magic:  2/2        EV: 10    Int: 11    God:
Gold:   74         SH:  0    Dex: 12    Spells: 1/1 levels left

rFire    . . .     SeeInvis +   a - +0 flail
rCold    . . .     Gourm    .   (no shield)
rNeg     . . .     Faith    .   b - +0 leather armour
rPois    +         Spirit   .   c - +0 helmet
rElec    .         Reflect  .   (no cloak)
rCorr    .         Harm     .   (no gloves)
MR       .....                  (no barding)
Stlth    +.........             (no amulet)
HPRegen  0.08/turn              (no ring)
MPRegen  0.08/turn              (no ring)

@: brilliant, lethally poisoned (0 -> -15), very slow
A: large, see invisible, deformed body, dopey 1, poison resistance, slowness 2,
slow metabolism 1, spit poison 2, wild magic 1, AC +0
a: Breathe Poison Gas


You were on level 2 of the Dungeon.
You were not hungry.

You visited 1 branch of the dungeon, and saw 2 of its levels.

You collected 74 gold pieces.

Inventory:

Hand Weapons
 a - a +0 flail (weapon)
Missiles
 d - 3 throwing nets (quivered)
Armour
 b - a +0 leather armour (worn)
 c - a +0 helmet (worn)
Scrolls
 e - 3 scrolls of immolation {unknown}
 i - a scroll of random uselessness {unknown}
 j - a scroll of identify {unknown}
Comestibles
 f - 4 rations


   Skills:
 - Level 2.0 Fighting
 * Level 3.5 Maces & Flails
 - Level 2.0 Throwing
 + Level 2.6 Dodging
 + Level 0.9 Stealth


You had one spell level left.
You didn't know any spells.
Your spell library was empty.

Dungeon Overview and Level Annotations

Branches:
Dungeon (2/15)

Altars:


Innate Abilities, Weirdness & Mutations

You cannot wear boots.
Your serpentine skin is tough. (AC +0)
You have supernaturally acute eyesight. (SInv)
Armour fits poorly on your strangely shaped body.
Your system is resistant to poisons. (rPois)
You cover ground very slowly.
You have a slow metabolism.
You can exhale a cloud of poison.
You are dopey. (Int -2)
Your spells are a little harder to cast, but a little more powerful.


Message History

Unknown command.
You hit the scorpion.
The scorpion is moderately wounded.
You feel sick. The scorpion stings you.
* * * LOW HITPOINT WARNING * * *
You hit the scorpion.
The scorpion is moderately wounded.
* * * LOW HITPOINT WARNING * * *
You feel sick. The scorpion barely misses you.
You hit the scorpion but do no damage.
The scorpion is moderately wounded.
* * * LOW HITPOINT WARNING * * *
You feel sick. The scorpion barely misses you.
You closely miss the scorpion.
The scorpion is moderately wounded.
* * * LOW HITPOINT WARNING * * *
You feel sick. The scorpion barely misses you.
You barely miss the scorpion.
The scorpion is moderately wounded.
You die...

##########
#........#
#.######.#
#.#......#
#.#.######
#.#.....<#.#
#.####@....#
#......s...#
######.....#
#.....#
#.......
#........
#........
#........
.......


You could see a scorpion.

Vanquished Creatures
  An ooze (D:1)
  A dart slug (D:1)
  2 goblins (D:1)
  3 hobgoblins (D:1)
  2 bats (D:1)
  3 frilled lizards (D:1)
  2 rats (D:1)
14 creatures vanquished.

Notes
Turn   | Place    | Note
-------+----------+-------------------------------------------
     0 | D:1      | KristoblXynda the Naga Gladiator began the quest for the Orb.
     0 | D:1      | Reached XP level 1. HP: 19/19 MP: 1/1
    99 | D:1      | Reached XP level 2. HP: 15/26 MP: 2/2
   977 | D:2      | Noticed a scorpion
  1009 | D:2      | Gained mutation: You can exhale a cloud of poison. [potion of mutation]
  1009 | D:2      | Gained mutation: You are dopey. (Int -2) [potion of mutation]
  1009 | D:2      | Gained mutation: Your spells are a little harder to cast, but a little more powerful. [potion of mutation]
  1015 | D:2      | Succumbed to a scorpion's poison

Vault maps used:
D:1:      dpeg_arrival_more_subterranean_lakeside_camping, minmay_heptomino_o4
D:2:      kiku_gazebo_garden_becter

Skill      XL: |  1 |
---------------+----+-----
Throwing       | 2 |  2.0
Fighting       | |  2.0
Maces & Flails | |  3.5
Dodging        | |  2.6
Stealth        | |  0.9

Action                   || total
-------------------------++-------
Melee: Flail             ||    45
 Abil: Spit Poison       ||     4
  Use: Potion            ||     3
 Stab: Sleeping          ||     1
Armor: Leather armour    ||     4
Dodge: Dodged            ||    22

Table legend:
 A = Spawn XP
 B = Non-spawn XP
 C = Spawn XP percentage of total XP
 D = Spawn monster count
 E = Non-spawn monster count
 F = Spawn count percentage of total count
 G = Total turns spent on level
                    A         B        C        D         E        F      G
               +---------+---------+-------+---------+---------+-------+---------
         Total |       0 |      29 |   0.0 |       0 |      14 |   0.0 |  1015
               +---------+---------+-------+---------+---------+-------+---------
           D:1 |       0 |      29 |   0.0 |       0 |      14 |   0.0 |   973
               +---------+---------+-------+---------+---------+-------+---------
